AoeStats
← Soldier

Nomad

510164351Analyzed
4v4 RM · 2d ago on Sep 29, 2026· 31m 9s· 8 players
Game mode
Random Map
Map size
231×231
Population
200
Speed
Normal
Resources
Standard
Victory
Conquest
Starting age
Dark Age
Ending age
Imperial Age
RankedLock teamsTeams togetherTeam positionsShared explorationLock speedFull tech treeHidden civsTurbo modeCheats
Victory
Defeat
🇫🇷 Lithuanians · France
1067
+13
🇺🇸 Spanish · United States
1063
+13
🇩🇪 Vietnamese · Germany
1055
+13
🇦🇺 Japanese · Australia
966
+17
🇨🇿 Huns · Czechia
1074
-17
🇹🇷 Teutons · Türkiye
989
-14
🇷🇺 Shu · Russia
980
-13
🇩🇪 Danes · Germany
940
-12
Soldier
6:01 Loom
20:50 Feudal Age
22:31 Wheelbarrow
21:45 Double-Bit Axe
21:43 Horse Collar
23:29 Fishing Lines
23:29 Man-at-Arms
24:23 Stone Mining
24:23 Gold Mining
30:14 Castle Age
Quelt
6:35 Loom
13:56 Feudal Age
14:58 Double-Bit Axe
17:24 Wheelbarrow
21:18 Castle Age
22:36 Forging
22:32 Scale Barding Armor
23:01 Stone Mining
23:32 Bow Saw
25:10 Fletching
26:44 Bodkin Arrow
kapusta
6:05 Loom
16:27 Feudal Age
17:04 Double-Bit Axe
17:06 Fishing Lines
17:32 Horse Collar
18:47 Stone Mining
19:56 Man-at-Arms
21:53 Gold Mining
22:04 Fletching
23:08 Arson
26:22 Forging
27:11 Scale Mail Armor
27:24 Town Watch
32:18 Castle Age
Diablos
11:52 Loom
14:07 Feudal Age
18:21 Castle Age
17:11 Stone Mining
19:30 Double-Bit Axe
28:12 Horse Collar
Boom into GG
4:31 Loom
14:26 Feudal Age
19:22 Castle Age
17:25 Stone Mining
20:47 Horse Collar
21:12 Fletching
23:42 Gold Mining
31:22 Bloodlines
31:12 Husbandry
Melkro
7:16 Loom
14:14 Feudal Age
17:57 Double-Bit Axe
19:49 Stone Mining
22:40 Castle Age
21:02 Gold Mining
22:06 Fletching
Rido
4:11 Loom
14:13 Feudal Age
15:03 Town Watch
15:53 Wheelbarrow
16:25 Double-Bit Axe
18:28 Fletching
20:02 Padded Archer Armor
22:46 Scale Mail Armor
24:17 Fishing Lines
26:16 Bloodlines
28:52 Horse Collar
31:54 Castle Age
30:50 Stone Mining
30:50 Gold Mining
31:23 Forging
30:40 Man-at-Arms
31:05 Arson
JeanC
4:22 Loom
15:05 Feudal Age
15:32 Double-Bit Axe
15:53 Gold Mining
17:50 Wheelbarrow
17:38 Fishing Lines
20:46 Castle Age
20:18 Fletching
20:29 Padded Archer Armor
20:57 Crossbowman
21:43 Thumb Ring
21:56 Bow Saw
23:25 Horse Collar
25:18 Bodkin Arrow
27:39 Leather Archer Armor
27:28 Town Watch
31:21 Wheelbarrow
31:27 Ballistics
Connection lost

Rejoining the realm…

Still unreachable

The connection could not be restored.

Session expired

The server has moved on; the page needs a fresh start.